Cogmind - Beta 17.1 @@@ ROGUE MODE // 2026.09.15 @ 22:02:29 Player: Blanco! Result: Destroyed by Y-45 Defender with Beam Rifle Performance ------------- Evolutions (1) 500 Regions Visited (3) 600 Robots Destroyed (22) 110 Value Destroyed (553) 553 Prototype IDs (0) 0 Alien Tech Used (0) 0 Bonus (0) 0 TOTAL SCORE: 1763 Bonus ------- None Cogmind --------- Core Integrity 0/400 Matter 236/300 Energy 100/100 System Corruption 0% Temperature Cool (9) Movement Core (700) Ox13 Location -9/Materials Parts ------- > --- POWER (1) -------- (None) > --- PROPULSION (4) --- (None) > --- UTILITY (2) ------ High-capacity Storage Unit > --- WEAPON (2) ------- Mace > --- INVENTORY (20) --- Small Storage Unit EM Pulse Gun Light Assault Rifle Peak State ------------ > --- POWER ------------ Light Nuclear Core > --- PROPULSION ------- Light Treads Light Treads Light Treads > --- UTILITY ---------- Improved Heat Sink High-capacity Storage Unit > --- WEAPON ----------- Heavy Assault Rifle Mace > --- INVENTORY -------- Light Nuclear Core Small Storage Unit EM Pulse Gun Light Assault Rifle Light Assault Rifle [Rating: 14] Favorites ----------- Power Ion Engine Engine Ion Engine Power Core Light Nuclear Core Propulsion Aluminum Leg Treads Light Treads Leg Aluminum Leg Wheel Compact Wheel Utility Small Storage Unit Device Improved Heat Sink Storage Small Storage Unit Weapon Assault Rifle Energy Gun EM Pulse Gun Ballistic Gun Assault Rifle Launcher Grenade Launcher Impact Weapon Mace Build | -11 -10 -10 -9 ------- Run | Yrd Mat Min Mat Slots Evolved 2 | . . . 2 Power . | . . . . Propulsion 2 | . . . 2 Utility . | . . . . Weapon . | . . . . Parts Attached 22 | 6 5 . 11 Power 4 | 1 1 . 2 Engine 2 | 1 1 . . Core 2 | . . . 2 Reactor . | . . . . Propulsion 8 | 2 2 . 4 Treads 3 | . . . 3 Leg 3 | . 2 . 1 Wheel 2 | 2 . . . Hover . | . . . . Flight . | . . . . Utility 3 | 1 1 . 1 Device 1 | . 1 . . Storage 2 | 1 . . 1 Processor . | . . . . Hackware . | . . . . Protection . | . . . . Artifact . | . . . . Weapon 7 | 2 1 . 4 Energy Gun 1 | . . . 1 Energy Cannon . | . . . . Ballistic Gun 4 | 2 . . 2 Ballistic Cannon . | . . . . Launcher 1 | . 1 . . Special Weapon . | . . . . Impact Weapon 1 | . . . 1 Slashing Weapon . | . . . . Piercing Weapon . | . . . . Special Melee Weapon . | . . . . Unidentified Prototypes . | . . . . Parts Lost 16 | . 2 . 14 Power 4 | . 1 . 3 Propulsion 7 | . 1 . 6 Utility 1 | . . . 1 Weapon 4 | . . . 4 Highest Loss Streak 8 | . 2 . 8 To Critical Strikes . | . . . . Average Backups 6 | 4 7 7 5 Power 1 | . . 1 1 Propulsion 2 | 2 4 3 1 Utility . | . . . . Weapon 2 | 1 1 2 2 Tool/Special . | . . . . Unused Backups . | . . . . Power . | . . . . Propulsion . | . . . . Utility . | . . . . Weapon . | . . . . Tool/Special . | . . . . Average Slot Usage (%) 85 | . 93 100 71 Engine 10 | . 14 14 6 Treads 2 | . . . 6 Leg 15 | . 4 28 17 Wheel 7 | . 22 . . Device 10 | . 9 14 8 Storage 12 | . 14 14 11 Ballistic Gun 14 | . 16 14 11 Launcher 9 | . 11 14 4 Impact Weapon 1 | . . . 3 Peak Build Rating 14 | 6 9 10 14 Average Rating 8 | 3 7 9 9 On Entrance 6 | . 6 9 10 Avg Prop Armor Cover (%) . | . . . . Naked Turns . | . . . . Heaviest Build 51 | 11 16 16 51 Greatest Support 60 | 26 26 20 60 Greatest Overweight (x) 14 | 1 . . 14 Average Overweight (x) . | . . . . Largest Inventory Capacity 20 | 8 8 8 20 Average Capacity 9 | 7 8 8 12 Most Carried 8 | 8 8 8 7 Average Carried 6 | 5 7 7 5 Final Capacity 20 | 8 8 8 20 Final Carried 8 | 6 7 8 3 Class Distribution -------------------- 100% | Mutant Dominant Class ---------------- Mutant | -10/Materials Mutant | -10/Mines Mutant | -9/Materials Resources | -11 -10 -10 -9 ----------- Run | Yrd Mat Min Mat Matter Collected 543 | 258 84 94 107 Remotely . | . . . . Salvage Created 470 | . 159 85 226 Parts 30 | . 9 7 14 Haulers Intercepted . | . . . . Recyclers Shooed . | . . . . Parts Field Recycled . | . . . . Retrieved Matter . | . . . . Parts Self-Destructed . | . . . . Prevented . | . . . . Parts Restored . | . . . . Kills | -11 -10 -10 -9 ------- Run | Yrd Mat Min Mat Combat Hostiles Destroyed 17 | . 5 7 5 Guns 4 | . 1 1 2 AOE 13 | . 4 6 3 Classes Destroyed 6 | . 2 1 3 Worker 2 | . . . 2 Recycler 2 | . . . 2 Watcher 1 | . 1 . . Swarmer 7 | . . 3 4 Grunt 9 | . 5 4 . Sentry 1 | . . . 1 Best Kill Streak 7 | . 3 3 7 Combat Bots Only 4 | . 3 3 4 Max Kills in Single Turn 4 | . 2 2 4 Gunslinging . | . . . . Exploded 3 | . 2 2 3 Melee . | . . . . Uniques/NPCs Destroyed . | . . . . Combat | -11 -10 -10 -9 -------- Run | Yrd Mat Min Mat Hostile Shots Fired 219 | . 20 14 185 Missed 75 | . 7 6 62 Hits 144 | . 13 8 123 Projectile 144 | . 13 8 123 Critical Strikes 3 | . . . 3 Damage Taken 2044 | . 253 157 1634 Core 475 | . 59 10 406 Absorbed by Shields . | . . . . Core Remaining (%) 86 | 100 . 72 . Volleys Fired 31 | . 8 8 15 Largest 2 | . 2 2 2 Hottest 60 | . 50 50 60 Shots Fired 58 | . 14 15 29 Gun 41 | . 8 8 25 Cannon . | . . . . Launcher 17 | . 6 7 4 Special . | . . . . Kinetic 34 | . 8 8 18 Thermal . | . . . . Explosive 17 | . 6 7 4 Electromagnetic 7 | . . . 7 Robot Hit Streak 8 | . 6 8 6 Robot Miss Streak 3 | . 2 1 3 Penetration Max . | . . . . Secondary Targets . | . . . . Shots Hit Robots 39 | . 11 11 17 Core Hits 36 | . 11 14 11 Critical Kills . | . . . . Critical Parts Destroyed . | . . . . Critical Strikes . | . . . . Melee Attacks 1 | . . . 1 Impact 1 | . . . 1 Slashing . | . . . . Piercing . | . . . . Sneak Attacks 1 | . . . 1 Combat Hostiles . | . . . . Follow-up Attacks . | . . . . Damage Inflicted 1602 | . 440 619 543 Guns 282 | . 82 57 143 Cannons . | . . . . Explosions 1225 | . 356 554 315 Melee 85 | . . . 85 Ramming 10 | . 2 8 . Kinetic 252 | . 82 57 113 Thermal 97 | . . 97 . Explosive 1128 | . 356 457 315 Electromagnetic 30 | . . . 30 Impact 85 | . . . 85 Slashing . | . . . . Piercing . | . . . . Highest Corruption . | . . . . Average Corruption . | . . . . Corruption Purged . | . . . . Corruption Blocked . | . . . . Overload Shots . | . . . . Overflow Damage 112 | . 17 . 95 Projectiles . | . . . . Explosions 67 | . 17 . 50 Melee 45 | . . . 45 Knockbacks 1 | . . . 1 Impact 1 | . . . 1 Kinetic . | . . . . Secondary . | . . . . Self-Inflicted Damage 171 | . 101 70 . Shots 7 | . 4 3 . Rammed . | . . . . Targets Rammed 2 | . 1 1 . Kicked 2 | . 1 1 . Crushed . | . . . . Highest Temperature 7 | . . . 7 Average Temperature 3 | . . . 3 Received Heat Transfer 834 | . 87 48 699 Siege Activations . | . . . . Martial Activations . | . . . . Shielding Activations . | . . . . Robots Disrupted . | . . . . Combat Hostiles . | . . . . Robots Corrupted 1 | . . . 1 Combat Hostiles . | . . . . Parts Fried 1 | . . . 1 Impact Corruptions 2 | . . . 2 Robots Melted . | . . . . Combat Hostiles . | . . . . Parts Melted . | . . . . Heat Transferred 100 | . . 100 . Parts Sabotaged . | . . . . Parts Stolen . | . . . . Parts Stripped . | . . . . Power Chain Reactions . | . . . . Alert | -11 -10 -10 -9 ------- Run | Yrd Mat Min Mat Maximum Alert Level 1 | . . 1 1 Low Security (%) 82 | 100 100 72 68 Level 1 17 | . . 27 31 Level 2 . | . . . . Level 3 . | . . . . Level 4 . | . . . . Level 5 . | . . . . High Security . | . . . . Max Security . | . . . . Peak Influence 247 | . 93 234 247 Initial 83 | . . 28 83 Average 105 | . 48 150 156 Influence Increases 648 | . 163 246 239 Destroy 0b10 Robot/C 340 | . 100 140 100 Destroy 0b10 Robot/NC 25 | . 5 . 20 Destroy Leader 72 | . 22 30 20 Successful Hack 4 | . . . 4 Disable Machine 75 | . 15 30 30 Destroy Structure 117 | . 21 46 50 Partial Spotted 15 | . . . 15 Influence Decreases 566 | . 90 105 371 Entered New Map 176 | . . 45 131 Time Decay 230 | . 70 60 100 Lost Part 160 | . 20 . 140 Squads Dispatched . | . . . . Investigation . | . . . . Extermination . | . . . . Reinforcement . | . . . . Assault . | . . . . Garrison . | . . . . Intercept . | . . . . Searches Triggered . | . . . . Construction Impeded . | . . . . Haulers Reinforced . | . . . . Active Scanning Responses . | . . . . Cargo Convoy Interrupts . | . . . . Stealth | -11 -10 -10 -9 --------- Run | Yrd Mat Min Mat Distress Signals 2 | . . . 2 Communications Jammed . | . . . . Distress Signals . | . . . . Times Spotted 25 | . 7 6 12 Peak Tracking Total 8 | . 3 2 8 Tactical Retreats . | . . . . Traps | -11 -10 -10 -9 ------- Run | Yrd Mat Min Mat Traps Triggered . | . . . . Indirectly . | . . . . Trap Hack Attempts . | . . . . Triggered . | . . . . Disarmed . | . . . . Reprogrammed . | . . . . Reused . | . . . . Traps Extracted . | . . . . Installed . | . . . . Triggered . | . . . . Machines | -11 -10 -10 -9 ---------- Run | Yrd Mat Min Mat Machines Disabled 5 | . 1 2 2 Max in Single Turn 2 | . 1 1 2 Machines Repaired . | . . . . Machines Dismantled . | . . . . Machines Sabotaged . | . . . . Overloaded Fab Kills . | . . . . Hacking | -11 -10 -10 -9 --------- Run | Yrd Mat Min Mat Machines Accessed 2 | . 1 . 1 Terminals 2 | . 1 . 1 Fabricators . | . . . . Repair Stations . | . . . . Recycling Units . | . . . . Scanalyzers . | . . . . Garrison Access . | . . . . Total Hacks 5 | . 1 . 4 Successful 4 | . . . 4 Failed 1 | . 1 . . Catastrophic . | . . . . Database Lockouts . | . . . . Manual . | . . . . Terminals 5 | . 1 . 4 Fabricators . | . . . . Repair Stations . | . . . . Recycling Units . | . . . . Scanalyzers . | . . . . Garrison Access . | . . . . Terminal Hacks 4 | . . . 4 Record 3 | . . . 3 Dispatch Records 1 | . . . 1 Fabricator Hacks . | . . . . Repair Station Hacks . | . . . . Recycling Unit Hacks . | . . . . Scanalyzer . | . . . . Garrison Access Hacks . | . . . . Unauthorized Hacks . | . . . . Terminals . | . . . . Fabricators . | . . . . Repair Stations . | . . . . Recycling Units . | . . . . Scanalyzers . | . . . . Garrison Access . | . . . . Data Cores Recovered . | . . . . Used . | . . . . Hacking Detections . | . . . . Full Trace Events . | . . . . Feedback Events . | . . . . Feedback Blocked . | . . . . Robot Schematics Acquired . | . . . . Robots Built . | . . . . Authchips . | . . . . Time . | . . . . Total Robot Build Rating . | . . . . Part Schematics Acquired . | . . . . Parts Built . | . . . . Authchips . | . . . . Time . | . . . . Total Part Build Rating . | . . . . Part Studies Acquired . | . . . . Parts Repaired . | . . . . Time . | . . . . Parts Recycled . | . . . . Recycled Matter . | . . . . Retrieved Matter . | . . . . Retrieved Components . | . . . . Parts Scanalyzed . | . . . . Part Schematics Acquired . | . . . . Parts Damaged . | . . . . Bothacking | -11 -10 -10 -9 ------------ Run | Yrd Mat Min Mat Used RIF Installer . | . . . . Robots Hacked . | . . . . Non-combat . | . . . . Combat . | . . . . Robot Hacks Applied . | . . . . Relay Couplers Released . | . . . . Fabnet Peak Effective % . | . . . . Robots Rewired . | . . . . Allies Hacked . | . . . . Hacks Repelled . | . . . . Allies | -11 -10 -10 -9 -------- Run | Yrd Mat Min Mat Total Allies . | . . . . Largest Group . | . . . . Highest-Rated Group . | . . . . Highest-Rated Ally . | . . . . Total Orders . | . . . . Ally Attacks . | . . . . Total Damage . | . . . . Kills . | . . . . Allies Corrupted . | . . . . Allies Melted . | . . . . Intel | -11 -10 -10 -9 ------- Run | Yrd Mat Min Mat Active Infowar (turns) . | . . . . Robot Analysis Total . | . . . . Derelict Logs Recovered . | . . . . Drone Launches . | . . . . Drone Recoveries . | . . . . Exploration | -11 -10 -10 -9 ------------- Run | Yrd Mat Min Mat Turns Passed 560 | 53 182 120 205 Spaces Moved 363 | 44 158 78 83 Core 17 | 12 . . 5 Treads 21 | . . . 21 Legs 158 | . 23 78 57 Wheels 167 | 32 135 . . Hover . | . . . . Flight . | . . . . Fastest Speed 50 | 50 90 120 120 Average Speed 116 | 81 95 120 174 Slowest Speed 750 | 100 120 120 750 Overloaded Moves . | . . . . Propulsion Burnouts . | . . . . Robots Hopped . | . . . . Potential Cave-ins . | . . . . Cave-ins Triggered . | . . . . Exploration Rate (%) 15 | 3 30 18 11 Regions Visited 3 Branch Regions 1 Pre-discovered Areas . | . . . . Known Exits Taken . | . . . . Unknown Exits Taken 3 | 1 1 1 . Scrap Searched 1 | . . 1 . Spaces Dug . | . . . . Terrain Destroyed 128 | . 18 59 51 Melee . | . . . . Projectile . | . . . . AOE 128 | . 18 59 51 Terrain Rammed . | . . . . Walls Destroyed . | . . . . Machines Disabled . | . . . . Actions | -11 -10 -10 -9 --------- Run | Yrd Mat Min Mat Total 441 | 60 175 89 117 Wait . | . . . . Move 360 | 43 157 77 83 Hop . | . . . . Pick Up 20 | 11 3 2 4 Fast Attach 2 | 1 1 . . Attach 17 | 5 3 . 9 Detach 1 | . 1 . . Swap 6 | . 1 . 5 Drop 1 | . . 1 . Fire 31 | . 8 8 15 Melee 1 | . . . 1 Ram . | . . . . Kick 2 | . 1 1 . Crush . | . . . . Escape Stasis . | . . . . Rewire . | . . . . Trap . | . . . . Miscellaneous . | . . . . Route ------- -11/Scrapyard -10/Materials -10/Mines -9/Materials (discovered 1 exit: [*Sto]) History --------- Turn | Location | Event 21 | -11/Scrapyard | Discovered new exit (range 16) 54 | -11/Scrapyard | Entered Materials 115 | -10/Materials | Discovered new exit (range 15) 236 | -10/Materials | Entered Mines 305 | -10/Mines | Build established: Mutant 336 | -10/Mines | Discovered new exit (range 12) 356 | -10/Mines | Entered Materials 356 | -9/Materials | Evolved 2 slots: Propulsion x2 385 | -9/Materials | Discovered new exit (range 15) 501 | -9/Materials | Lost 6 parts (1p3n2w) 524 | -9/Materials | Core integrity fell below 50% 553 | -9/Materials | Core integrity fell below 20% 561 | -9/Materials | Destroyed by Y-45 Defender with Beam Rifle Last Messages --------------- 00507_ Lgt. Nuclear Core destroyed. 00510_ Critical hit (Burn: +37). 00512_ U-05 Engineer lays Concrete. 00517_ Lgt. Treads destroyed. 00517_ Sneak attack on R-06 Scavenger. 00517_ Destroyed Lgt. Ion Engine. 00517_ Destroyed Com. Wheel. 00517_ R-06 Scavenger system corrupted by crushing effect. 00517_ R-06 Scavenger knocked back. 00518_ R-06 Scavenger system terminally corrupted. 00518_ Sml. Storage Unit fried. 00518_ Imp. Heat Sink destroyed. 00519_ Lgt. Treads destroyed. 00519_ Lgt. Nuclear Core destroyed. 00523_ Acquired 56 matter. 00524_ Critical hit (Burn: +37). 00530_ Hvy. Assault Rifle destroyed. 00535_ Lgt. Treads destroyed. 00551_ Lgt. Assault Rifle destroyed. 00558_ Y-45 Defender destroyed. Map ----- +----------------------------------------------------+ | | | | | | | | | | | | | | | | | ?????????????????????????????????????????????????? | | ?????????????????????????????????????????????????? | | ?????????????????????????????????????????????????? | | ?????????????????????????????????????????????????? | | ?????############????????????????????????????????? | | ?????# # T #????????##+##???????????????????? | | ?????# # #???????? ????????????????????? | | ?????# # """ #???????? ????????????????????? | | ?????# + """ #???????? ????????????????????? | | ?????# # """ #???????# #????????????????????? | | ?????# # #???????# #????????????????????? | | ?????# ###########????# #????????????????????? | | ###### # #????# #????????????????????? | | # #????# #????????????????????? | | ###### # """ #????# #????????????????????? | | ?????# + """ #????# #????????????????????? | | ?????# # """ #????# #????????????????????? | | ?????# # "T" #????#@ #????????????????????? | | ?????# # "" #????# #????????????????????? | | ?""??# # #????# #????????????????????? | | """"?# # #######g%Y#????????????????????? | | """"?# ] # + * #????????????????????? | | """" + #== T # g#????????????????????? | | """" # #!%! # g #????????????????????? | | #!!= ## ##????????????????????? | | # # == # #?????????????????????? | | # #!= [ # #?????????????????????? | | +#### # # # #?????????????????????? | | ???# # ## ! ## #?????????????????????? | | ???# # ##### # #?????????????????????? | | ##########???#### #?????????????????????? | | % # != #???????? ?????????????????????? | | # = #????????? ?????????????????????? | | ###### +????????? ?????????????????????? | | ???? # ##???????? ?????????????????????? | | ??? # # #????????? ?????????????????????? | | ?? # ###+#####???????????????????????????????? | | ? ?# ???????????????????????????????????????? | | ? ?+ ???????????????????????????????????????? | | ? ??# ???????????????????????????????????????? | | ?????# #???????????????????????????????????????? | | ?????# ????????????????????????????????????????? | +----------------------------------------------------+ Best States ------------- Heat Dissipation 42 Energy Generation 14 Energy Capacity 250 Matter Stores 300 Matter Capacity 300 Sight Range 16 Terrain Scan Density 10 Evasion (%) 55 Recoil Reduction 3 Item Schematics ----------------- None Robot Schematics ------------------ None Fabricated ------------ Nothing Repaired ---------- Nothing Studied --------- None Alien Tech Used ----------------- None Achievements -------------- None Challenges ------------ None Game ------ Seed ExoskeletonShockboltSplitter Manual? 0 Play Time 00:09:53 Cumulative 18.0 hours Start 2026.09.15 @ 21:51:37 End 2026.09.15 @ 22:02:29 Sessions 1 Manual Loads 0 Difficulty Rogue Special Mode None Game No. 32 Rogue 32 Adventurer 0 Explorer 0 Win Type - Total 0 Types 0/0/0/0/0/0/0/0/0/0 Lore% 8 Gallery% 16 Achievement% 11 Wizard Run 0 Options --------- Layout 0 ASCII 0 Keyboard 0 Movement Arrows Keybinds 0 Fullscreen 2 Font 24/Smallcaps Map View 38x28 Zoom Use 98% Tactical HUD 1 Map Filters NONE Filters NONE Steam 1 RUN: 5fbe1a6b-d4bf-480f-bc88-f4420debfe94